 Dungeon Crawl Stone Soup version 0.30.0-29-ga12c61a403 (webtiles) character file.

Game seed: 1350007848144052817

405034 MacCMillion the Worldbinder (level 23, -8/144 HPs)
             Began as a Tengu Summoner on June 8, 2023.
             Was the Champion of Sif Muna.
             Killed from afar by Vv (46 damage)
             ... on level 2 of the Depths on June 9, 2023.
             The game lasted 04:30:03 (64335 turns).

MacCMillion the Worldbinder (Tengu Summoner)       Turns: 64335, Time: 04:30:03

Health: -8/144     AC: 10    Str:  9      XL:     23   Next: 38%
Magic:  35/50      EV: 18    Int: 30 (33) God:    Sif Muna [******]
Gold:   6776       SH: 31    Dex: 13      Spells: 2/49 levels left

rFire   + . .        k - +4 hand crossbow of the Big Bang {speed, rElec rF- Str+3 Int+7}
rCold   + . .        n - +18 shield of the Gong {Loud rN+ Will+ rCorr EV-5}
rNeg    + . .        C - +0 steam dragon scales
rPois   +            (helmet restricted)
rElec   +            S - +2 cloak {rF+}
rCorr   +            G - +1 pair of gloves
SInv    +            (boots unavailable)
Will    ++...        o - amulet "Uxuhics" {RegenMP rC+ Regen+ Str-5 SInv}
Stlth   ++           d - ring of the Empire {rPois rF+ Str+3 Dex-3 Slay+5}
HPRegen 1.24/turn    K - ring of magical power
MPRegen 0.72/turn

%: no passive effects
@: flying quickly and evasively, quick
A: beak, talons 3, nimble flight, claws 1
}: 2/15 runes: decaying, gossamer
a: Renounce Religion, Channel Magic, Forget Spell, Divine Exegesis


You were on level 2 of the Depths.
You worshipped Sif Muna.
Sif Muna was exalted by your worship.
You visited 8 branches of the dungeon, and saw 39 of its levels.
You also visited: Ice Cave, Volcano, Wizlab and Desolation.

You collected 6956 gold pieces.
You spent 180 gold pieces at shops.

Inventory:

Hand Weapons
 k - the +4 hand crossbow of the Big Bang (weapon) {speed, rElec rF- Str+3 Int+7}
   (You subdued it in a wizard's laboratory)

   Str:       It affects your strength (+3).
   Int:       It affects your intelligence (+7).
   rF:        It makes you vulnerable to fire.
   rElec:     It insulates you from electricity.
Armour
 l - a scarf of resistance
 n - the +18 shield of the Gong (worn) {Loud rN+ Will+ rCorr EV-5}
   (You found it in the Desolation of Salt)

   Loud:      It is deafeningly noisy when blocking attacks.
   EV:        It affects your evasion (-5).
   rN:        It protects you from negative energy.
   rCorr:     It protects you from acid and corrosion.
   Will:      It increases your willpower.
 r - the scarf "Qaijaity" {+Inv, rF+ Regen+ Stlth-}
   (You found it in a wizard's laboratory)

   rF:        It protects you from fire.
   Regen:     It increases your rate of health regeneration.
   Stlth:     It makes you less stealthy.
 C - +0 steam dragon scales (worn)
 G - a +1 pair of gloves (worn)
 R - the +1 cloak "Voemeul" {rElec}
   (You found it in a wizard's laboratory)

   rElec:     It insulates you from electricity.
 S - a +2 cloak of fire resistance (worn)
 X - a +0 cloak of poison resistance
Jewellery
 d - the ring of the Empire (left hand) {rPois rF+ Str+3 Dex-3 Slay+5}
   (You took it off a servant of whispers in the Desolation of Salt)

   [ring of protection from fire]

   Str:       It affects your strength (+3).
   Dex:       It affects your dexterity (-3).
   Slay:      It affects your accuracy & damage with ranged weapons and melee
   (+5).
   rF:        It protects you from fire.
   rPois:     It protects you from poison.
 h - a ring of resist corrosion
 o - the amulet "Uxuhics" (around neck) {RegenMP rC+ Regen+ Str-5 SInv}
   (You acquired it on level 2 of the Spider Nest)

   [amulet of magic regeneration]

   It increases your rate of magic regeneration.
   Str:       It affects your strength (-5).
   rC:        It protects you from cold.
   SInv:      It lets you see invisible.
   Regen:     It increases your rate of health regeneration.
 q - a ring of willpower
 v - a ring of see invisible
 B - a ring of protection from cold
 K - a ring of magical power (right hand)
 W - a +6 ring of intelligence
 Y - an amulet of reflection
Wands
 F - a wand of iceblast (35)
 H - a wand of quicksilver (25)
 N - a wand of digging (17)
Scrolls
 a - 6 scrolls of vulnerability
 c - 5 scrolls of fear
 e - 2 scrolls of enchant armour
 g - 5 scrolls of enchant weapon
 m - 2 scrolls of torment
 p - 12 scrolls of teleportation
 s - a scroll of poison
 u - 5 scrolls of noise
 y - 3 scrolls of butterflies
 D - 9 scrolls of magic mapping
 L - 11 scrolls of immolation
 M - 5 scrolls of blinking
 P - 4 scrolls of fog
 U - 4 scrolls of silence
 V - 4 scrolls of amnesia
Potions
 b - 2 potions of magic
 f - 11 potions of might
 i - 3 potions of invisibility
 j - a potion of resistance
 t - 7 potions of brilliance
 w - 4 potions of cancellation
 x - 18 potions of ambrosia
 A - 5 potions of curing
 E - 7 potions of heal wounds
 J - 5 potions of lignification
 Q - 5 potions of haste
 T - 5 potions of mutation
 Z - 3 potions of flight {unknown}
Miscellaneous
 z - a lightning rod (4/4)
 I - a phantom mirror
 O - a box of beasts


   Skills:
 - Level 15.0 Fighting
 - Level 18.0 Dodging
 - Level 2.0 Stealth
 - Level 15.0 Shields
 + Level 13.5 Spellcasting
 - Level 23.1 Summonings
 + Level 8.6 Translocations
 - Level 4.0 Fire Magic
 - Level 10.0 Air Magic
 - Level 10.6 Poison Magic
 + Level 14.3 Invocations


You had 2 spell levels left.
You knew the following spells:

 Your Spells              Type           Power      Damage    Failure   Level
a - Summon Hydra          Summ           51%        N/A       1%          7
b - Malign Gateway        Summ/Tloc      43%        N/A       7%          7
c - Call Canine Familiar  Summ           100%       N/A       0%          3
d - Summon Lightning Spi  Summ/Air       88%        N/A       1%          4
e - Summon Horrible Thin  Summ           51%        N/A       2%          8
f - Olgreb's Toxic Radia  Pois           71%        N/A       1%          4
g - Ignite Poison         Fire/Tmut/Pois 49%        N/A       2%          3
h - Summon Cactus Giant   Summ           51%        N/A       1%          6
i - Mephitic Cloud        Conj/Pois/Air  57%        N/A       1%          3
j - Blink                 Tloc           100%       N/A       1%          2

Your spell library contained the following spells:

 Spells                   Type           Power      Damage    Failure   Level
 Summon Small Mammal      Summ           100%       N/A       0%          1
 Call Imp                 Summ           100%       N/A       0%          2
 Apportation              Tloc           100%       N/A       1%          1
 Shock                    Conj/Air       100%       1d9       1%          1
 Sting                    Tmut/Pois      100%       1d8       1%          1
 Cigotuvi's Dreadful Rot  Necr/Pois/Air  100%       N/A       1%          2
 Lesser Beckoning         Tloc           100%       N/A       1%          2
 Momentum Strike          Conj/Tloc      92%        3d10      1%          2
 Poisonous Vapours        Pois/Air       100%       N/A       1%          2
 Scorch                   Fire           88%        2d9       1%          2
 Static Discharge         Conj/Air       100%       2-7/arc   1%          2
 Foxfire                  Conj/Fire      100%       2x1d9     2%          1
 Beastly Appendage        Tmut           40%        N/A       5%          1
 Freeze                   Ice            80%        1d9       5%          1
 Kiss of Death            Conj/Necr      80%        2d11      5%          1
 Magic Dart               Conj           80%        1d7       5%          1
 Sandblast                Erth           40%        2d10      5%          1
 Slow                     Hex            80%        N/A       5%          1
 Ensorcelled Hibernation  Hex/Ice        40%        N/A       9%          2
 Passwall                 Tmut/Erth      16%        N/A       9%          2
 Searing Ray              Conj           40%        2d5       9%          2
 Sublimation of Blood     Necr           20%        N/A       9%          2
 Wereblood                Tmut           20%        N/A       9%          2
 Gell's Gravitas          Tloc           64%        N/A       1%          3
 Spider Form              Tmut/Pois      51%        N/A       1%          3
 Summon Guardian Golem    Hex/Summ       74%        N/A       1%          3
 Swiftness                Air            69%        N/A       1%          3
 Teleport Other           Tloc           64%        N/A       1%          3
 Vhi's Electric Charge    Tloc/Air       100%       N/A       1%          3
 Volatile Blastmotes      Fire/Tloc      100%       2d18      1%          3
 Airstrike                Air            34%        2d(5-21)  1%          4
 Animate Armour           Summ/Erth      100%       N/A       1%          4
 Manifold Assault         Tloc           64%        N/A       1%          4
 Passage of Golubria      Tloc           64%        N/A       1%          4
 Summon Ice Beast         Ice/Summ       74%        N/A       1%          4
 Summon Forest            Summ/Tloc      43%        N/A       1%          5
 Summon Mana Viper        Hex/Summ       74%        N/A       1%          5
 Monstrous Menagerie      Summ           51%        N/A       1%          7
 Portal Projectile        Hex/Tloc       92%        N/A       2%          3
 Inner Flame              Hex/Fire       32%        N/A       7%          3
 Iskenderun's Mystic Bla  Conj/Tloc      46%        2d10      9%          4
 Confusing Touch          Hex            20%        N/A       16%         3
 Dazzling Flash           Conj/Hex       40%        N/A       16%         3
 Frozen Ramparts          Ice            40%        1d7       16%         3
 Hailstorm                Conj/Ice       20%        3d6       16%         3
 Ozocubu's Armour         Ice            20%        N/A       16%         3
 Stone Arrow              Conj/Erth      40%        3d9       16%         3
 Tukima's Dance           Hex            20%        N/A       16%         3
 Vampiric Draining        Necr           20%        2d7       16%         3
 Alistair's Intoxication  Tmut/Pois      34%        N/A       17%         5
 Arcjolt                  Conj/Air       25%        1d35      19%         5
 Silence                  Hex/Air        25%        N/A       19%         5
 Flame Wave               Conj/Fire      32%        2d9       24%         4
 Sticky Flame             Conj/Fire      32%        2d5       24%         4
 Dispersal                Tloc           32%        N/A       24%         6
 Freezing Cloud           Conj/Ice/Air   20%        6-21      36%         5
 Haunt                    Necr/Summ      37%        N/A       36%         7
 Spellforged Servitor     Conj/Summ      37%        N/A       36%         7
 Dragon's Call            Summ           51%        N/A       38%         9
 Plasma Beam              Fire/Air       29%        2x1d45    43%         6
 Animate Dead             Necr           20%        N/A       47%         4
 Dispel Undead            Necr           20%        3d11      47%         4
 Fulminant Prism          Conj/Hex       10%        3d8       47%         4
 Ice Form                 Ice/Tmut       20%        N/A       47%         4
 Leda's Liquefaction      Hex/Erth       10%        N/A       47%         4
 Petrify                  Tmut/Erth      20%        N/A       47%         4
 Fireball                 Conj/Fire      16%        3d8       54%         5
 Eringya's Noxious Bog    Tmut/Pois      25%        N/A       67%         6
 Agony                    Necr           20%        N/A       83%         5
 Blade Hands              Tmut           10%        N/A       83%         5
 Borgnjor's Vile Clutch   Necr/Erth      10%        N/A       83%         5
 Irradiate                Conj/Tmut      10%        3d15      83%         5
 Lee's Rapid Deconstruct  Erth           10%        3d8*      83%         5
 Metabolic Englaciation   Hex/Ice        10%        N/A       83%         5
 Yara's Violent Unravell  Hex/Tmut       10%        3d6       83%         5
 Starburst                Conj/Fire      16%        6d6       98%         6
 Storm Form               Tmut/Air       25%        N/A       99%         7
 Maxwell's Capacitive Co  Air            34%        ∞         99%         8
 Death Channel            Necr           10%        N/A       100%        6
 Iron Shot                Conj/Erth      10%        9d3       100%        6
 Simulacrum               Ice/Necr       10%        N/A       100%        6
 Statue Form              Tmut/Erth      13%        N/A       100%        6
 Dragon Form              Tmut           10%        N/A       100%        7
 Enfeeble                 Hex            10%        N/A       100%        7
 Orb of Destruction       Conj           10%        9d6       100%        7
 Ozocubu's Refrigeration  Ice            10%        4d9       100%        7
 Discord                  Hex            10%        N/A       100%        8
 Disjunction              Tloc           32%        N/A       100%        8
 Ignition                 Fire           22%        3d8       100%        8
 Infestation              Necr           10%        N/A       100%        8
 Lehudib's Crystal Spear  Conj/Erth      10%        10d4      100%        8
 Necromutation            Tmut/Necr      10%        N/A       100%        8
 Chain Lightning          Conj/Air       25%        3d33      100%        9
 Polar Vortex             Ice            10%        N/A       100%        9
 Shatter                  Erth           10%        3d11*     100%        9


Dungeon Overview and Level Annotations

Branches:
Dungeon (15/15)            Temple (0/1) D:4            Lair (5/5) D:10
  Swamp (4/4) Lair:2       Spider (4/4) Lair:3        Slime (0/5) Lair:4
    Orc (2/2) D:12            Elf (3/3) Orc:2        Vaults (4/5) D:14
  Crypt (0/3) Vaults:2     Depths (2/4) D:15          IceCv (visited)
Volcano (visited)          WizLab (visited)         Desolation (visited)

Altars:
Elyvilon
Gozag
Hepliaklqana
Kikubaaqudgha
Makhleb
Nemelex Xobeh
Okawaru
Qazlal
Sif Muna
Vehumet
Wu Jian
Xom
Yredelemnul
Zin
The Shining One
Jiyva

Shops:
D:7 [   D:10 =   D:12 *   Orc:2 *:([   Elf:1 :   Elf:2 :   Elf:3 :   Vaults:2 [
Vaults:4 (

Portals:
Hell: Depths:1
Abyss: Depths:1 Depths:2
Pandemonium: Depths:1 Depths:2

Annotations:
D:6 1 runed translucent door, Crazy Yiuf
D:13 1 runed translucent door, Henri's ghost, journeyman VSEn
Swamp:3 Roxanne
Elf:2 3 runed translucent doors
Elf:3 exclusions: deep elf demonologist and 1 more exclusion
Depths:2 Vv


Innate Abilities, Weirdness & Mutations

You have a beak for a mouth.
You have claws for feet.
Your magical nature lets you fly swiftly and evasively.
You have sharp fingernails.


Message History

The blast of magma engulfs your 12-headed hydra!!!
The blast of magma engulfs your large abomination!!!
Your large abomination is destroyed!
Your large abomination disappears in a puff of smoke!
The blast of magma engulfs your large abomination!!
Your large abomination hits Vv but does no damage.
You swap places.
Vv calls freezing cold from the walls.
The frost grips you!! You resist.
You are encased in ice.
The frost grips your large abomination!!
The frost grips your 12-headed hydra!
The frost grips your large abomination!!!
Your large abomination is destroyed!
Your large abomination disappears in a puff of smoke!
The frost grips your large abomination!!!
Your large abomination is destroyed!
Your large abomination disappears in a puff of smoke!
The frost grips your cactus giant!!!
Your large abomination hits Vv!
Vv rends the earth beneath you!
The blast of magma engulfs your cactus giant!
The blast of magma engulfs you!!! You partially resist.
Your large abomination hits Vv!
Your large abomination hits Vv but does no damage.
Vv hits your large abomination but does no damage.
Vv hits your large abomination!!
Your large abomination is destroyed!
Your large abomination disappears in a puff of smoke!
Vv calls freezing cold from the walls.
The frost grips you!! You resist.
* * * LOW HITPOINT WARNING * * *
The frost grips your 12-headed hydra!!
Your 12-headed hydra dies!
Your 12-headed hydra's corpse disappears in a puff of smoke!
The frost grips your cactus giant!! The ice encasing you melts away.
Your cactus giant hits Vv with a +0 giant spiked club.
Vv rends the earth beneath you! The blast of magma engulfs you!!!
You partially resist.
You die...

#..##.............
#######9§...............
....>..C###.####........
######..# #.# #∩./.....
#.≈###.## #########
#..#....# #.≈#....#
#..#....# #.@#....#
#.≈###'## ###..# #.#
..#..# #.# #^#..# #.#
#.#..# #.############
#.#..# #..........#=#
#.#..####.....###.#).
#### #......##.....#
#.#[#


You could see Vv (ally target) and a friendly cactus giant (summoned).

Vanquished Creatures
  Nikola (Swamp:2)
  A deep elf sorcerer (Elf:1)
  An emperor scorpion (Spider:4)
  2 ghost moths
  6 vault wardens
  3 ironbound preservers
  3 ironbound thunderhulks
  A broodmother (Spider:4)
  An eleionoma (Swamp:1)
  A deep elf demonologist (Elf:1)
  2 dire elephants (Vaults:1)
  2 deep elf death magi
  3 spark wasps (Depths:1)
  3 entropy weavers
  3 vault guards
  A deep elf high priest (Elf:1)
  5 yaktaur captains
  A great orb of eyes (Vaults:1)
  2 jorogumos
  Erolcha (D:12)
  2 centaur warriors
  6 ironbound frosthearts
  A spriggan air mage (Depths:1)
  3 boulder beetles
  An alligator (Swamp:2)
  2 death yaks (Lair:5)
  A tengu warrior (D:13)
  5 spriggans
  An orc high priest (Orc:2)
  9 deep elf knights
  Nergalle (Orc:1)
  8 ironbound convokers
  12 deep trolls
  9 orb spiders
  A glowing orange brain (Vaults:1)
  4 orc knights (Orc:2)
  20 deep elf pyromancers
  12 deep elf archers
  A wizard (Vaults:3)
  20 deep elf zephyrmancers
  9 wolf spiders
  An orc sorcerer (Orc:2)
  A moth of wrath (Spider:4)
  4 ugly things
  A cyclops (D:15)
  6 vault sentinels
  A cane toad (Lair:4)
  3 torpor snails
  A rime drake (Lair:5)
  11 yaktaurs
  A komodo dragon (Lair:1)
  5 meliai
  2 trolls
  A queen bee (Spider:1)
  7 hornets
  A raiju (Lair:5)
  A tarantella (shapeshifter) (D:13)
  2 saltlings (Desolation)
  20 tarantellas
  4 blink frogs
  15 jumping spiders
  A raiju (shapeshifter) (D:15)
  17 culicivoras
  A flying skull (D:13)
  A shadow (D:13)
  6 yaks
  2 wyverns
  4 fire bats
  32 redbacks
  2 wargs
  A steam dragon (D:6)
  A water moccasin (D:7)
  8 orc warriors
  An ice beast (D:6)
  An ogre (Orc:1)
  A centaur (D:11)
  3 wolves (Lair:5)
  2 bullfrogs
  A kobold brigand (D:6)
  2 scorpions
  20 killer bees
  A howler monkey (D:6)
  4 lava snakes (Volcano)
  2 jellies
  9 orc priests
  A hound (D:4)
  15 orc wizards
  An adder (D:4)
  A gnoll (D:4)
  A shadow imp (D:7)
  3 white imps (D:5)
  A dart slug (D:3)
  32 orcs
  5 ball pythons
  2 giant cockroaches (D:3)
  6 goblins
  3 hobgoblins
  3 jackals
  2 kobolds (D:4)
  2 quokkas
  A bat (D:1)
461 creatures vanquished.

Vanquished Creatures (collateral kills)
  Boris (Vaults:3)
  A golden dragon (IceCv)
  Mlioglotl (Spider:2)
  Asterion (Vaults:3)
  A lich (Depths:2)
  A walking frostbound tome (WizLab)
  2 sphinxes
  Agnes (Spider:2)
  A shadow dragon (Vaults:4)
  The ghost of spyp the Peltast, an adept GrFi of Cheibriados (Spider:4)
  A thorn hunter (Swamp:4)
  5 fenstrider witches (Swamp:4)
  3 tengu reavers
  A strange machine (WizLab)
  A deep elf sorcerer (Elf:1)
  3 emperor scorpions
  A frost giant (shapeshifter) (Depths:2)
  13 vault wardens
  4 fire giants
  A balrug (Depths:1)
  4 imperial myrmidons (Desolation)
  7 frost giants
  4 ghost moths
  An orc warlord (Orc:1)
  A ghoul (Swamp:4)
  14 very ugly things
  A spriggan defender (Depths:2)
  2 war gargoyles
  18 ironbound preservers
  5 ironbound thunderhulks
  A broodmother (Spider:1)
  7 stone giants
  3 vampire knights
  A deep elf demonologist (Elf:3)
  2 halazid warlocks (Desolation)
  An eleionoma (Swamp:3)
  A deep elf annihilator (Vaults:2)
  8 dire elephants
  2 spark wasps
  5 bunyips
  2 green deaths (Swamp:4)
  A crystal guardian (Desolation)
  7 ettins
  6 ragged hierophants (Desolation)
  3 shambling mangroves
  A jiangshi (Vaults:2)
  10 rakshasas
  A deep elf high priest (Vaults:2)
  7 yaktaur captains
  An entropy weaver (Vaults:3)
  A fire dragon (Depths:1)
  4 great orbs of eyes
  8 servants of whispers (Desolation)
  2 ogre magi (Swamp:4)
  15 peacekeepers
  A spriggan air mage (Swamp:4)
  8 ice dragons
  5 vault guards
  27 hydras
  8 ironbound frosthearts
  Erica (D:11)
  5 centaur warriors
  7 boulder beetles
  5 ghost crabs
  A two-headed ogre (D:11)
  A radroach (Spider:4)
  9 alligators
  2 deep troll shamans (Depths:1)
  14 dancing weapons
  12 death yaks
  3 tengu warriors
  2 orc high priests (Orc:2)
  Sonja (Lair:1)
  A sun demon (Volcano)
  A sixfirhy (Swamp:4)
  2 soul eaters (Swamp:4)
  7 pharaoh ants
  4 deep elf knights
  An iron troll (Depths:1)
  A skyshark (Lair:5)
  3 orb spiders
  A sun moth (Spider:4)
  3 goliath frogs
  35 deep trolls
  4 bog bodies
  5 spriggan druids
  2 deep elf archers (Elf:1)
  2 phantasmal warriors
  2 glowing orange brains
  15 ironbound convokers
  An orc knight (Orc:1)
  4 steelbarb worms
  7 swamp dragons
  A necromancer (Vaults:2)
  3 wizards
  7 deep elf zephyrmancers
  An orange crystal statue (IceCv)
  10 harpies
  11 deep elf pyromancers
  4 will-o-the-wisps
  13 ugly things
  2 manticores
  6 cyclopes
  8 orc sorcerers
  9 wolf spiders
  An elephant (Lair:4)
  A manticore (shapeshifter) (Elf:2)
  A rust devil (Depths:1)
  5 moths of wrath
  4 guardian serpents (Desolation)
  Joseph (D:8)
  A water nymph (shapeshifter) (Vaults:1)
  2 black mambas
  11 demonic crawlers
  A guardian serpent (shapeshifter) (D:15)
  5 torpor snails
  13 vault sentinels
  5 orange demons
  Maurice (D:8)
  3 gargoyles
  6 storm dragon simulacra (IceCv)
  A molten gargoyle (Volcano)
  2 unseen horrors
  3 rime drakes
  7 cane toads
  20 yaktaurs
  5 golden dragon simulacra (IceCv)
  10 komodo dragons
  2 red devils
  7 trolls
  A tengu conjurer (D:14)
  A tengu simulacrum (Vaults:3)
  9 polar bears
  A meliai (Spider:4)
  7 tyrant leeches
  9 blink frogs
  7 tarantellas
  14 hornets
  A dream sheep (Lair:5)
  63 saltlings (Desolation)
  Grinder (D:6)
  22 slime creatures
  7 jumping spiders
  19 flying skulls (D:13)
  10 culicivoras
  10 spriggans
  A shadow (D:9)
  4 wyverns
  Sigmund (D:5)
  An air elemental (Orc:2)
  4 water elementals
  24 yaks
  2 fire elementals (Elf:1)
  10 fire bats
  2 chaos spawn (Swamp:4)
  2 basilisks
  25 redbacks
  2 neqoxecs
  A basilisk (shapeshifter) (D:14)
  14 swamp worms
  Edmund (D:6)
  4 wargs
  An acid dragon (D:11)
  4 water moccasins
  17 hell hounds
  11 orc warriors
  4 swamp drakes (Swamp:1)
  A sky beast (D:7)
  2 ogres (Orc:1)
  14 black bears
  6 ice dragon simulacra (IceCv)
  A centaur (D:8)
  16 wolves
  3 kobold brigands
  A gnoll sergeant (D:8)
  9 bullfrogs
  8 scorpions
  5 earth elementals
  5 wights (D:9)
  4 lindwurm simulacra (IceCv)
  8 killer bees
  3 howler monkeys (D:10)
  3 lava snakes (Volcano)
  5 hounds
  15 jellies
  11 orc priests
  A sleepcap (D:6)
  4 iguanas
  Natasha (twice) (D:3)
  15 orc wizards
  A boggart simulacrum (D:15)
  8 gnolls
  5 adders
  2 shadow imps
  18 nameless horrors
  An ufetubus (D:7)
  A worm (D:3)
  4 dart slugs
  37 orcs
  7 ball pythons
  9 endoplasms
  2 giant cockroaches
  4 goblins
  6 hobgoblins
  9 jackals
  2 quokkas
  3 bats
  2 frilled lizards
  12 kobolds
  6 rats
1205 creatures vanquished.

Vanquished Creatures (others)
  An eldritch tentacle (Depths:2)
  2 hydras
  9 death yaks
  2 boulder beetles
  A deep elf knight (Elf:3)
  A skyshark (Lair:4)
  An elephant (Lair:4)
  A black mamba (Lair:5)
  2 komodo dragons
  A yaktaur (Vaults:4)
  4 bloated husks
  7 polar bears
  Prince Ribbit (Lair:2)
  A saltling (Desolation)
  12 yaks
  A swamp worm (Lair:2)
  2 wargs (Lair:5)
  2 water moccasins
  A black bear (Lair:5)
  2 orc warriors
  9 wolves
  2 earth elementals (Swamp:4)
  9 foxfires
74 creatures vanquished.

Grand Total: 1740 creatures vanquished

Notes
Turn   | Place    | Note
-------+----------+-------------------------------------------
     0 | D:1      | MacCMillion the Tengu Summoner began the quest for the Orb.
     0 | D:1      | Reached XP level 1. HP: 10/10 MP: 4/4
    23 | D:1      | Reached skill level 5 in Summonings
    48 | D:1      | Reached XP level 2. HP: 15/15 MP: 3/6
   238 | D:1      | Learned a level 2 spell: Call Imp
   398 | D:1      | Reached XP level 3. HP: 19/19 MP: 7/7
   920 | D:2      | Learned a level 3 spell: Call Canine Familiar
  1085 | D:2      | Reached XP level 4. HP: 24/24 MP: 3/9
  1092 | D:2      | Reached skill level 6 in Summonings
  2136 | D:3      | You fall into a shaft and drop 2 floors!
  2136 | D:5      | Entered Level 5 of the Dungeon
  2148 | D:5      | Noticed Sigmund
  2177 | D:5      | Killed Sigmund
  2178 | D:5      | Reached skill level 7 in Summonings
  2178 | D:5      | Gained mutation: Your magical nature lets you fly swiftly
                  | and evasively. [Tengu growth]
  2178 | D:5      | Reached XP level 5. HP: 30/30 MP: 1/10
  2178 | D:5      | Reached XP level 6. HP: 35/35 MP: 1/11
  2335 | D:5      | Noticed a black bear
  2335 | D:5      | Noticed a black bear
  2383 | D:5      | Found a shimmering blue altar of Sif Muna.
  2387 | D:5      | Became a worshipper of Sif Muna the Loreminder
  3019 | D:3      | Noticed Natasha
  3024 | D:3      | Killed Natasha
  3025 | D:3      | Reached XP level 7. HP: 36/41 MP: 12/12
  3097 | D:3      | Noticed Natasha
  3101 | D:3      | Killed Natasha
  3734 | D:4      | Found a staircase to the Ecumenical Temple.
  3775 | D:4      | Reached * piety under Sif Muna
  3888 | D:4      | Reached skill level 5 in Dodging
  4929 | D:5      | Reached XP level 8. HP: 48/48 MP: 7/13
  5075 | D:5      | Reached skill level 5 in Fighting
  5732 | D:6      | Noticed Grinder
  5733 | D:6      | Reached skill level 1 in Air Magic
  6115 | D:5      | Learned a level 4 spell: Summon Lightning Spire
  6191 | D:6      | Reached skill level 8 in Summonings
  6316 | D:6      | Reached XP level 9. HP: 54/54 MP: 9/14
  6390 | D:6      | Reached ** piety under Sif Muna
  6401 | D:6      | Reached skill level 5 in Air Magic
  6449 | D:6      | Noticed Edmund
  6462 | D:6      | Killed Edmund
  6709 | D:6      | Killed Grinder
  7098 | D:6      | Found a runed translucent door.
  7099 | D:6      | Noticed Crazy Yiuf
  7516 | D:7      | Found a burning altar of Makhleb.
  7576 | D:7      | Found Lisach's Armour Shop.
  8370 | D:8      | Found an iron altar of Okawaru.
  8448 | D:8      | Noticed Joseph
  8476 | D:8      | Killed Joseph
  8477 | D:8      | Reached skill level 10 in Air Magic
  8589 | D:8      | Noticed a troll
  8589 | D:8      | Noticed a tengu conjurer
  8593 | D:8      | Noticed a white ugly thing
  8594 | D:8      | Noticed a cyclops
  8605 | D:8      | Reached skill level 9 in Summonings
  8975 | D:8      | Reached XP level 10. HP: 41/59 MP: 6/15
  9195 | D:8      | Reached skill level 10 in Summonings
  9195 | D:8      | Reached skill level 1 in Invocations
  9446 | D:8      | Noticed a gargoyle
  9576 | D:8      | Noticed a brown ugly thing
  9755 | D:8      | Noticed Maurice
 10396 | D:8      | Killed Maurice
 10471 | D:8      | Found an iron altar of Okawaru.
 11545 | D:9      | Reached *** piety under Sif Muna
 11554 | D:9      | Reached skill level 5 in Invocations
 11733 | D:9      | Found a radiant altar of Vehumet.
 11772 | D:9      | Found an ancient bone altar of Kikubaaqudgha.
 11774 | D:9      | Found a shimmering altar of Xom.
 11774 | D:9      | Found a white marble altar of Elyvilon.
 11776 | D:9      | Found a stormy altar of Qazlal.
 11776 | D:9      | Found an ornate altar of the Wu Jian Council.
 11776 | D:9      | Found an ornate altar of the Wu Jian Council.
 12426 | D:10     | Entered Level 10 of the Dungeon
 12435 | D:10     | Noticed a cyclops
 12457 | D:10     | Killed a cyclops
 12557 | D:10     | Reached XP level 11. HP: 63/63 MP: 17/17
 12928 | D:10     | Found a staircase to the Lair.
 12965 | D:10     | Found an ornate altar of the Wu Jian Council.
 12970 | D:10     | Found a glowing silver altar of Zin.
 12974 | D:10     | Found a sparkling altar of Nemelex Xobeh.
 12976 | D:10     | Found a glowing golden altar of the Shining One.
 12976 | D:10     | Found a hazy altar of Hepliaklqana.
 12978 | D:10     | Found an ancient bone altar of Kikubaaqudgha.
 13126 | D:10     | Found Dytuxtie's Jewellery Emporium.
 13164 | D:10     | Found an opulent altar of Gozag.
 13510 | D:11     | Noticed a boulder beetle
 13536 | D:11     | Noticed a red ugly thing
 13550 | D:11     | Killed a red ugly thing
 13640 | D:11     | Noticed a cyclops
 13646 | D:11     | Noticed a brown ugly thing
 13693 | D:11     | Killed a brown ugly thing
 13702 | D:11     | Killed a cyclops
 13702 | D:11     | Reached **** piety under Sif Muna
 13828 | D:11     | Noticed a cyclops
 13856 | D:11     | Killed a cyclops
 14071 | D:11     | Noticed Erica
 14494 | D:11     | Killed Erica
 14804 | D:11     | Killed a boulder beetle
 14805 | D:11     | Reached skill level 11 in Summonings
 15016 | D:11     | Noticed a two-headed ogre
 15039 | D:11     | Killed a two-headed ogre
 15131 | Lair:1   | Entered Level 1 of the Lair of Beasts
 15152 | Lair:1   | Reached skill level 5 in Spellcasting
 15196 | Lair:1   | Learned a level 3 spell: Summon Guardian Golem
 15403 | Lair:1   | Noticed Sonja
 15410 | Lair:1   | Killed Sonja
 15411 | Lair:1   | Reached XP level 12. HP: 72/72 MP: 13/21
 16250 | Lair:2   | Reached skill level 10 in Dodging
 16675 | Lair:2   | Reached skill level 12 in Summonings
 16729 | Lair:2   | Noticed an eight-headed hydra
 16773 | Lair:2   | Killed an eight-headed hydra
 16986 | Lair:2   | Noticed a six-headed hydra
 17028 | Lair:2   | Killed a six-headed hydra
 17244 | Lair:2   | Noticed Prince Ribbit
 17258 | Lair:2   | Killed Prince Ribbit
 17282 | Lair:2   | Noticed a six-headed hydra
 17296 | Lair:2   | Killed a six-headed hydra
 17702 | Lair:2   | Found a staircase to the Swamp.
 18151 | Lair:3   | Found a hole to the Spider Nest.
 18186 | Lair:3   | Reached skill level 13 in Summonings
 18230 | Lair:3   | Noticed a seven-headed hydra
 18236 | Lair:3   | Killed a seven-headed hydra
 18237 | Lair:3   | Reached XP level 13. HP: 80/80 MP: 17/23
 18879 | Lair:3   | Reached skill level 10 in Fighting
 19126 | Lair:4   | Identified a scroll of acquirement
 19127 | Lair:4   | Acquired 765 gold pieces
 19386 | Lair:4   | Learned a level 4 spell: Olgreb's Toxic Radiance
 19390 | Lair:4   | Learned a level 3 spell: Ignite Poison
 19482 | Lair:4   | Reached ***** piety under Sif Muna
 19495 | Lair:4   | Received a gift from Sif Muna
 19523 | Lair:4   | Found a viscous altar of Jiyva.
 19523 | Lair:4   | Found a staircase to the Slime Pits.
 19545 | Lair:4   | Reached skill level 1 in Poison Magic
 20097 | Lair:5   | Entered Level 5 of the Lair of Beasts
 20342 | Lair:4   | Reached XP level 14. HP: 28/88 MP: 8/25
 20755 | Lair:5   | Reached skill level 5 in Poison Magic
 20784 | Lair:5   | Received a gift from Sif Muna
 20785 | Lair:5   | Got Sif Muna's Folio of the Throng {god gift}
 23112 | D:12     | Noticed Erolcha
 23228 | D:12     | Found a staircase to the Orcish Mines.
 23313 | D:12     | Reached XP level 15. HP: 96/96 MP: 27/28
 23468 | D:12     | Received a gift from Sif Muna
 23469 | D:12     | Got Sif Muna's Quarto of Command {god gift}
 23726 | D:12     | Found Obruuw's Assorted Antiques.
 23901 | Orc:1    | Entered Level 1 of the Orcish Mines
 24233 | Orc:1    | Noticed an orc warlord
 24237 | Orc:1    | Reached skill level 1 in Fire Magic
 24246 | Orc:1    | Killed an orc warlord
 24499 | Orc:1    | Noticed Nergalle
 24505 | Orc:1    | Killed Nergalle
 24916 | Orc:2    | Entered Level 2 of the Orcish Mines
 25039 | Orc:2    | Found a staircase to the Elven Halls.
 25179 | Orc:2    | Received a gift from Sif Muna
 25180 | Orc:2    | Got Sif Muna's Incunabulum of Obstruction and Allies {god
                  | gift}
 25188 | Orc:2    | Learned a level 6 spell: Summon Cactus Giant
 25189 | Orc:2    | Found a dark tunnel.
 25230 | Volcano  | Entered a volcano
 25570 | Volcano  | Found a burning altar of Makhleb.
 26383 | Orc:2    | Found Vaoxinam's Antique Armour Boutique.
 26413 | Orc:2    | Reached skill level 14 in Summonings
 26818 | Orc:2    | Found Kyfruzet's Antique Weapon Boutique.
 26822 | Orc:2    | Found Ageint's Assorted Antiques.
 26829 | Orc:2    | Found Giot's Book Emporium.
 27280 | D:12     | Killed Erolcha
 27338 | D:12     | Bought a runed copper amulet for 150 gold pieces
 27338 | D:12     | Bought a scroll labelled DINNIOWKORE for 30 gold pieces
 27845 | D:13     | Found the +3 giant club "Skullcrusher" {speed, Str+7}
 28214 | D:13     | Reached skill level 15 in Summonings
 28273 | D:13     | Received a gift from Sif Muna
 28346 | D:13     | Found a runed translucent door.
 28348 | D:13     | Noticed Henri's ghost (journeyman VSEn)
 28348 | D:13     | Identified the +1 spear "Iresawol" {freeze, +Blink Str-3
                  | Int+8 Dex-5}
 28713 | D:13     | Reached skill level 10 in Spellcasting
 29082 | D:14     | Reached skill level 15 in Dodging
 29669 | D:14     | Found a gate to the Vaults.
 30360 | D:14     | Reached XP level 16. HP: 103/103 MP: 30/31
 30574 | D:15     | Entered Level 15 of the Dungeon
 30654 | D:15     | Identified the +1 leather armour "Jywn" {Harm}
 30754 | D:15     | Identified the +2 ring mail of Bifruxi {Dex+3}
 30871 | D:15     | Reached skill level 1 in Shields
 31803 | D:15     | Found a staircase to the Depths.
 32187 | Spider:1 | Entered Level 1 of the Spider Nest
 32946 | Spider:1 | Received a gift from Sif Muna
 33042 | Spider:1 | Got Sif Muna's Compilation of Snow and Geology {god gift}
 33863 | Spider:1 | Identified the staff of death "Keetzy" {rC++ rN+ MP-9
                  | Str+4}
 33887 | Spider:1 | Reached skill level 10 in Poison Magic
 34874 | Spider:2 | Noticed Mlioglotl
 34890 | Spider:2 | Gained mutation: You have sharp fingernails. [a neqoxec]
 35539 | Spider:2 | Acquired the amulet "Uxuhics" {RegenMP rC+ Regen+ Str-5
                  | SInv}
 35873 | Spider:2 | Noticed a tentacled starspawn
 35876 | Spider:2 | Killed Mlioglotl
 35888 | Spider:2 | HP: 1/104 [demonic crawler (22)]
 36014 | Spider:2 | Noticed Agnes
 36024 | Spider:2 | Killed Agnes
 36204 | Spider:2 | Reached XP level 17. HP: 89/109 MP: 0/32
 36337 | Spider:2 | Learned a level 7 spell: Summon Hydra
 36604 | Swamp:1  | Entered Level 1 of the Swamp
 36711 | Swamp:1  | Received a gift from Sif Muna
 37062 | Swamp:1  | Identified the +0 chain mail of Hadjma {+Inv Will+ Str+2
                  | SInv}
 37670 | Swamp:1  | Reached skill level 10 in Invocations
 38486 | Swamp:2  | Noticed Nikola
 38521 | Swamp:2  | Killed Nikola
 38521 | Swamp:2  | Received a gift from Sif Muna
 38522 | Swamp:2  | Reached skill level 16 in Summonings
 38522 | Swamp:2  | Got Sif Muna's Parchment of Concussion and the Sixfirhy
                  | {god gift}
 38577 | Swamp:2  | Learned a level 3 spell: Mephitic Cloud
 39085 | Swamp:3  | Identified Roxanne's Codex of Tephra
 39085 | Swamp:3  | Noticed Roxanne
 39986 | Swamp:3  | Reached skill level 5 in Shields
 40084 | Swamp:4  | Entered Level 4 of the Swamp
 40272 | Swamp:4  | Reached skill level 17 in Summonings
 40555 | Swamp:4  | Reached XP level 18. HP: 116/116 MP: 24/33
 40996 | Swamp:4  | Reached ****** piety under Sif Muna
 41679 | Swamp:4  | Got a decaying rune of Zot
 41683 | Swamp:4  | Paralysed by a fenstrider witch for 4 turns
 42598 | Spider:3 | Received a gift from Sif Muna
 42607 | Spider:3 | Got Ataraobb's Lessons on Lofty Beckoning {god gift}
 42966 | Spider:4 | Entered Level 4 of the Spider Nest
 43365 | Spider:3 | Reached skill level 18 in Summonings
 43557 | Spider:4 | Found a frozen archway.
 43590 | IceCv    | Entered an ice cave
 43699 | IceCv    | Received a gift from Sif Muna
 43910 | IceCv    | Got Sif Muna's Cyclopedia of the Plutonic Gestalt {god
                  | gift}
 44279 | IceCv    | Reached XP level 19. HP: 121/121 MP: 31/35
 44383 | IceCv    | Noticed a golden dragon
 44543 | IceCv    | Killed a golden dragon
 44647 | IceCv    | Identified the amulet of Equivalence {Reflect -Tele rElec
                  | Str-2 Int+7 SH+5}
 44654 | IceCv    | Identified the amulet of Didyha {RegenMP Harm rN+ Dex+3}
 45359 | Spider:4 | Found a runed translucent door.
 45359 | Spider:4 | Noticed spyp's ghost (adept GrFi)
 46529 | Spider:4 | Got a gossamer rune of Zot
 46530 | Spider:4 | Identified the +1 hat "Geni" {Will- Str+8 Dex+2 Stlth+}
 46531 | Spider:4 | Identified the +0 pair of gloves "Jysseyqa" {rN+ Regen+
                  | Dex-4}
 46679 | Spider:4 | Killed spyp's ghost
 47047 | Elf:1    | Entered Level 1 of the Elven Halls
 47049 | Elf:1    | Paralysed by an air elemental for 1 turns
 47056 | Orc:2    | Paralysed by an air elemental for 1 turns
 47138 | Elf:1    | Reached skill level 19 in Summonings
 47489 | Elf:1    | Received a gift from Sif Muna
 47490 | Elf:1    | Got Sif Muna's Precepts of the Serac and Conjury {god gift}
 47580 | Elf:1    | Reached skill level 10 in Shields
 47874 | Elf:1    | Found Wickouro's Book Boutique.
 48716 | Elf:2    | Found Zetodwump's Book Emporium.
 48812 | Elf:2    | Found a runed translucent gate.
 48812 | Elf:2    | Found a runed translucent gate.
 48812 | Elf:2    | Found a runed translucent gate.
 49344 | Elf:3    | Entered Level 3 of the Elven Halls
 49428 | Elf:3    | Reached XP level 20. HP: 106/127 MP: 9/38
 49486 | Elf:3    | Found Qixel's Book Shoppe.
 49725 | Elf:3    | Received a gift from Sif Muna
 49814 | Elf:3    | Got Sif Muna's Parchment of Energy and Beckoning {god gift}
 50206 | Vaults:1 | Entered Level 1 of the Vaults
 52350 | Vaults:2 | Reached skill level 15 in Shields
 52571 | Vaults:2 | Received a gift from Sif Muna
 52580 | Vaults:2 | Got Sif Muna's Almanac of the Vexatious Winter {god gift}
 52849 | Vaults:2 | Found a magical portal.
 52865 | WizLab   | Entered Tukima's Studio
 53193 | WizLab   | Identified the +4 hand crossbow of the Big Bang {speed,
                  | rElec rF- Str+3 Int+7}
 53288 | WizLab   | Noticed MacCMillion's illusion
 53541 | WizLab   | Noticed MacCMillion's illusion
 53683 | WizLab   | Reached XP level 21. HP: 133/133 MP: 29/39
 53717 | WizLab   | Identified the +1 cloak "Voemeul" {rElec}
 53729 | WizLab   | Reached skill level 20 in Summonings
 53729 | WizLab   | Identified the +0 pair of gloves of Miracles {Harm rN+
                  | Will+ Dex+2}
 53734 | WizLab   | Identified the scarf "Qaijaity" {+Inv, rF+ Regen+ Stlth-}
 53915 | Vaults:2 | Acquired 994 gold pieces
 54201 | Vaults:2 | Reached skill level 15 in Fighting
 54703 | Vaults:2 | Found a staircase to the Crypt.
 54905 | Vaults:2 | Received a gift from Sif Muna
 54911 | Vaults:2 | Reached skill level 21 in Summonings
 54966 | Vaults:2 | Got Sif Muna's Almanac of Unstable Corruption {god gift}
 54975 | Vaults:2 | Learned a level 7 spell: Malign Gateway
 55198 | Vaults:2 | Found Zacir's Armour Emporium.
 55513 | Vaults:2 | Learned a level 2 spell: Blink
 55754 | Vaults:3 | Reached skill level 1 in Translocations
 56003 | Vaults:3 | Noticed Asterion
 56009 | Vaults:3 | Killed Asterion
 56761 | Vaults:3 | Noticed Boris
 56918 | Vaults:3 | Killed Boris
 56980 | Vaults:3 | Identified the +9 mace of Arrival {drain, Str+4}
 57621 | Vaults:4 | Received a gift from Sif Muna
 57769 | Vaults:4 | Reached XP level 22. HP: 140/140 MP: 40/40
 57924 | Vaults:4 | Found a crumbling gateway.
 57933 | Desolati | Entered the Desolation of Salt
 57996 | Desolati | Got the Incunable of Mutable Hyperthermia
 58161 | Desolati | Reached skill level 22 in Summonings
 58214 | Desolati | Identified the +5 arbalest "Hydrabane" {drain, rPois rCorr
                  | Str+7 Stlth-}
 58239 | Desolati | Reached skill level 5 in Translocations
 58404 | Desolati | Received a gift from Sif Muna
 58411 | Desolati | Got Kollonu's Opusculum on Repulsive Reconstruction {god
                  | gift}
 58776 | Desolati | Got the Parchment of Displacement and the Tempest
 58934 | Desolati | Identified the amulet of Xivur {Faith Int+2}
 58939 | Desolati | Found the +18 shield of the Gong {Loud rN+ Will+ rCorr
                  | EV-5}
 59354 | Desolati | Identified the ring of the Empire {rPois rF+ Str+3 Dex-3
                  | Slay+5}
 59421 | Desolati | Identified the +3 sling of the Modern Emperors {antimagic,
                  | rN++}
 59424 | Desolati | Identified the +2 glaive "Uneg" {freeze, *Corrode rPois
                  | rN+}
 60365 | Vaults:4 | Found Naceasel's Weapon Shop.
 60753 | Vaults:4 | Received a gift from Sif Muna
 61010 | Vaults:4 | Got Tozefi's Writings on Orientation {god gift}
 61684 | Depths:1 | Entered Level 1 of the Depths
 61715 | Depths:1 | Reached skill level 23 in Summonings
 62029 | Depths:1 | Reached XP level 23. HP: 144/144 MP: 28/41
 62494 | Depths:1 | Identified the +5 hand axe "Kurhoor" {freeze, Str+3}
 62685 | Depths:1 | Learned a level 8 spell: Summon Horrible Things
 62845 | Depths:1 | Found a gateway to Hell.
 62849 | Depths:1 | Found a one-way gate to the infinite horrors of the Abyss.
 62964 | Depths:1 | Found a one-way gate leading to the halls of Pandemonium.
 63458 | Depths:2 | Identified the +4 cloak of Wariness {Str+3}
 63716 | Depths:2 | Found a basalt altar of Yredelemnul.
 63733 | Depths:2 | Noticed Vv
 64149 | Depths:2 | Received a gift from Sif Muna
 64150 | Depths:2 | Got Sif Muna's Secrets of Massed Geometry {god gift}
 64191 | Depths:2 | Noticed a caustic shrike
 64192 | Depths:2 | a caustic shrike changed into an iron giant
 64197 | Depths:2 | an iron giant changed into a golden dragon
 64197 | Depths:2 | Noticed a golden dragon (glowing shapeshifter)
 64199 | Depths:2 | a golden dragon changed into a shadow dragon
 64335 | Depths:2 | Killed from afar by Vv

Illustrated notes

Levels and vault maps discovered:
D:1:      minmay_arrival_plants_in_alcoves, layout_rooms
D:2:      layout_loops_ring, mrwooster_statue_mirror, minmay_bisected
D:3:      layout_basic, uniq_natasha
D:4:      layout_loops_ring, temple_pool_b
D:5:      layout_basic, mainiacjoe_overflow_paths, kennysheep_flooded_box,
          dreamdust_wishing_well, nicolae_elevator_lobby_plus, uniq_sigmund
D:6:      layout_loops_ring, wad_rectangle_vault, uniq_crazy_yiuf_cottage,
          uniq_edmund, uniq_grinder
D:7:      layout_basic, marbit_many_paths, serial_shops, shop, minivault_24
D:8:      layout_basic, okawaru_ov_weapons_minmay,
          onia_ninara_dug_in_and_dangerous, uniq_maurice, uniq_joseph
D:9:      layout_basic, mainiacjoe_overflow_cross_hatched, doesnt_xom_only_xom
D:10:     layout_loops_cross, minitemple, grunt_gozag_statues,
          grunt_lair_entry_orc_guard_hut, serial_shops, shop,
          chequers_serial_rivers_large_b
D:11:     layout_loops_ring, uniq_erica
D:12:     layout_loops_ring, david_orc_2, serial_shops,
          nicolae_shop_behind_doors, uniq_erolcha
D:13:     layout_basic, ebering_ghost_funeral_grove,
          minmay_guarded_unrand_skullcrusher
D:14:     layout_loops_corners, david_vaults_2
D:15:     gammafunk_enter_depths_forms, layout_irregular_city
Lair:1:   layout_cave_shapes, uniq_sonja
Lair:2:   layout_regular_city, palyth_hydra_swamp_entry, uniq_prince_ribbit2
Lair:3:   layout_cave_pods, spider_nest_entry_funnel_web
Lair:4:   layout_small_grid, minmay_slime_entry_jelly_boxes, beast_lair_carwin_8
Lair:5:   hangedman_lair_caniforms_friends, layout_regular_city,
          grunt_megastairs_5
Swamp:1:  layout_falls_marsh, evilmike_swamp_ruin_house_4, st_swamp_ruins_4
Swamp:2:  layout_basic_swamp, nicolae_swamp_very_dense_foliage, swamp_pool2,
          uniq_nikola
Swamp:3:  layout_basic_swamp, hangedman_swamp_ruin_hall, uniq_roxanne
Swamp:4:  nzn_swamp_witches_coven, layout_basic_swamp, nzn_swamp_blast_mining,
          infiniplex_staircase_pool
Spider:1: layout_cave_pods, special_room [special_room_bee]
Spider:2: layout_spider_delve, uniq_agnes, uniq_mlioglotl
Spider:3: layout_spider_delve, nicolae_spider_cling_halls
Spider:4: grunt_spider_rune_parallel, portal_ice_cave_entry_dragon,
          ebering_ghost_inner_flame
Orc:1:    layout_caves, guppyfry_library_mini, uniq_nergalle
Orc:2:    st_orc_elflike, layout_caves, basic_altar,
          nicolae_volcano_entry_batcave
Elf:1:    minmay_elf_arrival_circle, layout_loops_ring, serial_shops,
          nicolae_shop_tiny_real_fake_doors, hangedman_elf_represent
Elf:2:    nicolae_elf_blades_splatter_lattice
          [nicolae_blade_entry_floor_patterns], layout_rooms, serial_shops,
          shop, serial_corexii_hall, corexii_hall_statues_x,
          corexii_hall_statues_t, corexii_hall_statues_s,
          chequers_hall_statues_wall_a, corexii_hall_statues_deadend,
          corexii_hall_statues_i
Elf:3:    elf_hall_gauntlet_wide, layout_rooms, serial_shops, shop, minivault_16
Vaults:1: st_squares, nicolae_vaults_house_3, v_misc_11, v_rooms_2,
          nicolae_vaults_trapezoid_lopsided_2, dpeg_vaults_monster_row,
          nicolae_vaults_closet_pinwheel_5, nicolae_vaults_little_squares_3,
          nicolae_vaults_wrenched, ontoclasm_vaults_ligature,
          ontoclasm_vaults_gateway, v_misc_33, vaults_room_semicircle,
          vaults_dpeg_ring, nicolae_vaults_trapezoid_lopsided_2,
          layout_vaults_maze
Vaults:2: infiniplex_enter_wizlab_spiral, hangedman_vaults_snaps,
          nicolae_vaults_off_center_swirl, minmay_crypt_entry_simple_plaza,
          vaults_room_pools, grunt_vaults_trifunnel, dpeg_vaults_monster_box,
          nicolae_vaults_six-pack, nicolae_vaults_layer_cake_slice,
          vaults_room_pool, nicolae_vaults_ninety_degrees,
          vaults_mumra_minichess_inversion, nicolae_vaults_storage_room_glass,
          nicolae_vaults_diamond_1, vaults_room_semicircle,
          layout_vaults_big_cross
Vaults:3: nicolae_vaults_lightning_bolt, v_misc_19, hangedman_vaults_river_flow,
          vaults_room_corners, vaults_mumra_minichess,
          nicolae_vaults_tetromino_T_1, nicolae_vaults_apartment_1,
          serial_ice_h, layout_vaults_omnigrid, uniq_boris, uniq_asterion
Vaults:4: portal_desolation_entry_ruin, vaults_room_octagon, v_misc_18,
          v_pattern_3, dpeg_vaults_waves, nicolae_vaults_tetromino_Z_1,
          nicolae_vaults_tetromino_L_1, grunt_vaults_hallway_short,
          nicolae_vaults_house_3, nicolae_vaults_six-pack,
          nicolae_vaults_tetromino_T_1, layout_vaults_chaotic_city,
          serial_shops, nicolae_shop_bloodbath_and_beyond
Depths:1: layout_gridville, rand_demon_pan_entry_9, abyss_entry, hex_medium,
          hell_entry, evilmike_butchery
Depths:2: kennysheep_oblong_rooms, layout_basic, yredelemnul_altar_generic,
          pan_entry, pf_coc_iceberg, abyss_entry, infiniplex_staircase_diamond,
          uniq_vv

Skill      XL: |  1  2  3  4  5  6  7  8  9 10 11 12 13 14 15 16 17 18 19 20 21 22 23 |
---------------+----------------------------------------------------------------------+-----
Summonings     | 5 7 8 9 10 11 13 15 17 18 19 21 23 | 23.1
Spellcasting   | 3 5 6 7 8 10 11 13 | 13.5
Fighting       | 2 3 4 5 7 9 10 12 13 14 15 | 15.0
Dodging        | 3 4 5 8 9 11 13 14 15 16 17 18 | 18.0
Air Magic      | 4 10 | 10.0
Invocations    | 7 8 11 12 13 14 | 14.3
Poison Magic   | 3 7 8 10 | 10.6
Fire Magic     | 2 4 |  4.0
Shields        | 4 5 8 12 15 | 15.0
Translocations | 4 7 8 |  8.6
Stealth        | |  2.0

Action                     |  1- 3 |  4- 6 |  7- 9 | 10-12 | 13-15 | 16-18 | 19-21 | 22-24 || total
---------------------------+-------+-------+-------+-------+-------+-------+-------+-------++-------
  Melee: Dagger            |    18 |       |       |       |       |       |       |       ||    18
         Kick              |     9 |     6 |    41 |    33 |    84 |    34 |    10 |       ||   217
         Unarmed           |     4 |       |       |       |       |       |       |       ||     4
         Peck              |     3 |     3 |    24 |    22 |    54 |    28 |     7 |       ||   141
         Whip              |     3 |    30 |   146 |    89 |   207 |    91 |    15 |       ||   581
         Punch             |       |       |     1 |     2 |     3 |     4 |       |       ||    10
   Fire: Hand crossbow     |       |       |       |       |       |       |     9 |    20 ||    29
   Cast: Summon Small Mamm |    50 |    24 |       |     1 |     3 |       |       |       ||    78
         Call Imp          |     3 |    14 |    43 |    26 |     3 |       |       |       ||    89
         Call Canine Famil |       |    15 |    55 |    76 |    93 |    37 |     2 |     1 ||   279
         Summon Lightning  |       |       |    12 |    81 |   106 |    40 |       |     3 ||   242
         Summon Guardian G |       |       |       |     9 |    72 |     2 |       |       ||    83
         Olgreb's Toxic Ra |       |       |       |       |    65 |   129 |   139 |    11 ||   344
         Summon Cactus Gia |       |       |       |       |    41 |   183 |   182 |    92 ||   498
         Ignite Poison     |       |       |       |       |    24 |    60 |   120 |    10 ||   214
         Summon Hydra      |       |       |       |       |       |   191 |   296 |   186 ||   673
         Haunt             |       |       |       |       |       |       |     1 |       ||     1
         Summon Horrible T |       |       |       |       |       |       |       |    12 ||    12
         Malign Gateway    |       |       |       |       |       |       |       |     1 ||     1
 Invoke: Channel Magic     |       |       |       |       |       |     3 |     2 |       ||     5
         Divine Exegesis   |       |       |       |       |       |       |     1 |       ||     1
  Evoke: Wand              |       |       |       |       |       |     9 |       |       ||     9
    Use: Scroll            |       |     5 |     1 |     4 |    11 |    21 |     3 |     1 ||    46
         Potion            |       |       |       |       |     1 |     5 |       |       ||     6
   Stab: Sleeping          |       |       |     2 |       |       |       |       |       ||     2
         Distracted        |       |       |       |     5 |     3 |     1 |     1 |       ||    10
         Betrayed ally     |       |       |       |       |     1 |     1 |       |       ||     2
 Armour: Leather armour    |    17 |    10 |    51 |    27 |    58 |    33 |       |       ||   196
         Robe              |     1 |       |       |       |     6 |       |       |       ||     7
         Steam dragon scal |       |       |       |       |       |    36 |    32 |    13 ||    81
  Dodge: Dodged            |    20 |    22 |   112 |   123 |   403 |   493 |   291 |    84 ||  1548
  Block: Other             |       |       |       |       |       |     1 |       |       ||     1
         Kite shield       |       |       |       |       |       |       |    60 |   113 ||   173
